 Dungeon Crawl Stone Soup version 0.23.0-3-gf3c87f2 (webtiles) character file.

Game seed: 18079899754200612813

2604 Kairos the Chopper (level 9, -4/46 HPs)
             Began as a Vine Stalker Fighter on Feb 22, 2019.
             Was an Initiate of Okawaru.
             Slain by a two-headed ogre
             ... wielding a +0 giant club
              (14 damage)
             ... on level 8 of the Dungeon.
             The game lasted 00:09:22 (6364 turns).

Kairos the Chopper (Vine Stalker Fighter)           Turns: 6364, Time: 00:09:23

Health: -4/46      AC:  9    Str: 18    XL:     9   Next: 59%
Magic:  0/10       EV:  9    Int: 10    God:    Okawaru [......]
Gold:   310        SH: 10    Dex: 15    Spells: 8/8 levels left

rFire    . . .     SeeInvis .   K - +2 war axe (flame)
rCold    . . .     Gourm    .   c - +0 shield
rNeg     + . .     Faith    .   b - +0 scale mail
rPois    +         Spirit   +   L - +0 hat of Sin {+Fly rPois Str-3 Int+2} (curse)
rElec    .         Reflect  .   i - +1 cloak
rCorr    +         Harm     .   (no gloves)
MR       +....                  (no boots)
Stlth    ..........             (no amulet)
HPRegen  0.55/turn              G - ring of positive energy
MPRegen  0.12/turn              H - ring of resist corrosion

@: no status effects
A: fangs 3, regeneration 1, magic shield, antimagic bite, no potion heal 3, rot
immunity
a: Renounce Religion, Evoke Flight


You were on level 8 of the Dungeon.
You worshipped Okawaru.
Okawaru was noncommittal.
You were hungry.

You visited 2 branches of the dungeon, and saw 9 of its levels.

You collected 310 gold pieces.

Inventory:

Hand Weapons
 x - a +1 flail of protection
 K - a +2 war axe of flaming (weapon)
Missiles
 I - 2 tomahawks (quivered)
Armour
 b - a +0 scale mail (worn)
 c - a +0 shield (worn)
 i - a +1 cloak (worn)
 F - a +0 helmet
 L - the cursed +0 hat of Sin (worn) {+Fly rPois Str-3 Int+2}
   (You found it on level 7 of the Dungeon)

   It affects your strength (-3).
   It affects your intelligence (+2).
   It protects you from poison.
   It lets you fly.
   It has a curse placed upon it.
Jewellery
 G - a ring of positive energy (left hand)
 H - a ring of resist corrosion (right hand)
 J - an uncursed amulet of harm {unknown}
Wands
 l - a wand of iceblast (7)
 w - a wand of disintegration (5)
 y - a wand of flame (18)
 C - a wand of acid (11)
Scrolls
 a - a scroll of vulnerability {unknown}
 e - 5 scrolls of teleportation
 j - 5 scrolls of identify
 k - 5 scrolls of amnesia
 m - 2 scrolls of remove curse
 p - 3 scrolls of magic mapping {unknown}
 q - a scroll of immolation {unknown}
 t - a scroll of noise {unknown}
 v - 4 scrolls of enchant armour {unknown}
 A - 2 scrolls of fear {unknown}
Potions
 d - 2 potions of might
 g - 6 potions of curing {unknown}
 h - a potion of flight {unknown}
 n - 2 potions of ambrosia {unknown}
 o - 2 potions of heal wounds {unknown}
 r - a potion of resistance {unknown}
 s - 3 potions of mutation {unknown}
 u - a potion of cancellation {unknown}
 z - a potion of invisibility {unknown}
 B - a potion of brilliance {unknown}
 D - a potion of berserk rage {unknown}
 E - a potion of degeneration {unknown}
Comestibles
 f - 7 rations


   Skills:
 + Level 4.9 Fighting
 + Level 7.5 Axes
 + Level 5.7 Armour
 + Level 2.4 Dodging
 + Level 0.6 Stealth
 + Level 5.3 Shields
 + Level 0.5 Evocations


You had 8 spell levels left.
You didn't know any spells.
Your spell library was empty.

Dungeon Overview and Level Annotations

Branches:
Dungeon (8/15)             Temple (1/1) D:7
   Lair: D:8-11

Altars:
Ashenzari
Elyvilon
Gozag
Makhleb
Okawaru
Sif Muna
Trog
Vehumet
Xom
Yredelemnul
Zin
The Shining One

Shops:
D:5 (   D:6 *   D:8 (


Innate Abilities, Weirdness & Mutations

You have razor-sharp teeth.
Your natural rate of healing is unusually fast.
When hurt, damage is shared between your health and your magic reserves.
Your bite disrupts and absorbs the magic of your enemies.
Potions cannot restore your health.
You are immune to rotting.


Message History

A two-headed ogre is nearby!
A two-headed ogre is nearby!
You see here 2 silvery potions.
You block the two-headed ogre's attack.
The two-headed ogre hits you with a +0 giant club!
You closely miss the two-headed ogre. You bite the two-headed ogre.
You drain its power.
You feel invigorated.
The two-headed ogre is lightly wounded.
The two-headed ogre barely misses you.
The two-headed ogre hits you but does no damage.
You slash the two-headed ogre! You burn the two-headed ogre.
The two-headed ogre is moderately wounded.
The two-headed ogre hits you with a +0 giant club!
The two-headed ogre completely misses you.
You barely miss the two-headed ogre. Your bite misses the two-headed ogre.
The two-headed ogre is lightly wounded.
The two-headed ogre hits you with a +0 giant club!!
* * * LOW HITPOINT WARNING * * *
The two-headed ogre hits you with a +0 giant club!
You die...

#...........#
#.###.......#
#.#⌠.⌠#######
#.###...∩.############
#......⌠.⌠............
#.###.################
#.!.......
###..####### #...@#
#...O......#
#..........#
#..........#
#..........#
#..........#
#..........#
###........+


You could see a two-headed ogre.

Vanquished Creatures
  Grinder (D:4)
  Sigmund (D:6)
  Eustachio (D:5)
  Menkaure (D:6)
  Edmund (D:4)
  3 ogres
  An ice beast (D:5)
  A centaur (D:5)
  A bullfrog (D:7)
  A water moccasin zombie (D:5)
  A scorpion (D:7)
  3 wights (D:7)
  2 bullfrog zombies
  A centaur zombie (D:6)
  4 crimson imps
  Crazy Yiuf (D:2)
  2 orc priests
  A hound (D:4)
  A jelly (D:5)
  A gnoll shaman (D:6)
  An iguana (D:4)
  Ijyb (D:4)
  8 orc wizards
  5 worker ants
  A hound skeleton (D:6)
  A mummy (D:5)
  A worker ant zombie (D:4)
  8 gnolls
  A howler monkey skeleton (D:4)
  10 adders
  2 oozes
  5 worms
  2 dart slugs (D:1)
  2 leopard geckos
  25 orcs
  4 giant cockroaches
  6 goblins
  3 hobgoblins
  20 jackals
  3 quokkas
  A ball python (D:2)
  10 bats
  4 frilled lizards
  A hobgoblin zombie (D:5)
  4 kobolds
  2 kobold zombies (D:5)
  An orc zombie (D:5)
  12 rats
173 creatures vanquished.

Notes
Turn   | Place    | Note
-------+----------+-------------------------------------------
     0 | D:1      | Kairos the Vine Stalker Fighter began the quest for the
                  | Orb.
     0 | D:1      | Reached XP level 1. HP: 11/11 MP: 2/2
   106 | D:1      | Reached XP level 2. HP: 12/16 MP: 3/3
   210 | D:1      | Reached skill level 2 in Axes
   377 | D:1      | Reached XP level 3. HP: 16/20 MP: 4/4
   702 | D:2      | Found a runed translucent door.
   703 | D:2      | Noticed Crazy Yiuf
  1116 | D:2      | Gained mutation: Your natural rate of healing is unusually
                  | fast. [Vine Stalker growth]
  1116 | D:2      | Reached XP level 4. HP: 9/24 MP: 3/5
  1230 | D:2      | Found a bloodstained altar of Trog.
  1238 | D:2      | Reached skill level 1 in Dodging
  1717 | D:2      | Killed Crazy Yiuf
  1717 | D:2      | Reached XP level 5. HP: 11/28 MP: 2/6
  2238 | D:3      | Found a deep blue altar of Sif Muna.
  2294 | D:3      | Reached skill level 3 in Axes
  2747 | D:4      | Reached XP level 6. HP: 32/32 MP: 7/7
  2777 | D:4      | Noticed Ijyb
  2786 | D:4      | Killed Ijyb
  2809 | D:4      | Noticed Grinder
  2810 | D:4      | Paralysed by Grinder for 6 turns
  2821 | D:4      | Killed Grinder
  2821 | D:4      | Reached XP level 7. HP: 14/37 MP: 2/8
  3013 | D:4      | Noticed Edmund
  3042 | D:4      | Reached skill level 4 in Axes
  3046 | D:4      | Killed Edmund
  3362 | D:4      | Found a glowing golden altar of the Shining One.
  3364 | D:4      | Noticed an angel
  3427 | D:4      | Found a basalt altar of Yredelemnul.
  3612 | D:5      | Entered Level 5 of the Dungeon
  3619 | D:5      | Gained mutation: You have razor-sharp teeth. [Vine Stalker
                  | growth]
  3619 | D:5      | Reached XP level 8. HP: 42/42 MP: 7/9
  3636 | D:5      | Reached skill level 5 in Axes
  3686 | D:5      | Found a burning altar of Makhleb.
  3687 | D:5      | Found a radiant altar of Vehumet.
  3744 | D:5      | Found Piwkiceaxt's Weapon Emporium.
  3763 | D:5      | Found a shattered altar of Ashenzari.
  4092 | D:5      | Noticed Eustachio
  4136 | D:5      | Killed Eustachio
  4136 | D:5      | Reached skill level 6 in Axes
  4383 | D:6      | Reached skill level 5 in Armour
  4469 | D:6      | Reached skill level 5 in Shields
  4482 | D:6      | Reached XP level 9. HP: 9/46 MP: 3/10
  4653 | D:6      | Found Uwo Qai's General Store.
  4668 | D:6      | Noticed Sigmund
  4676 | D:6      | Killed Sigmund
  4717 | D:6      | Noticed Menkaure
  4725 | D:6      | Killed Menkaure
  5122 | D:6      | Reached skill level 7 in Axes
  5389 | D:7      | Found a glowing silver altar of Zin.
  5467 | D:7      | Found a staircase to the Ecumenical Temple.
  5481 | Temple   | Entered the Ecumenical Temple
  5523 | Temple   | Became a worshipper of Warmaster Okawaru
  5639 | D:7      | Found a shimmering altar of Xom.
  5641 | D:7      | Found a shimmering altar of Xom.
  5643 | D:7      | Found a shimmering altar of Xom.
  5889 | D:7      | Got a translucent hat
  5900 | D:7      | Identified the cursed +0 hat of Sin {+Fly rPois Str-3
                  | Int+2} (You found it on level 7 of the Dungeon)
  6341 | D:8      | Found Neatsiam's Weapon Shoppe.
  6358 | D:8      | Noticed a two-headed ogre
  6364 | D:8      | Slain by a two-headed ogre

Skill      XL: |  1  2  3  4  5  6  7  8  9 |
---------------+----------------------------+-----
Fighting       | 3 4 |  4.9
Axes           | 2 3 4 6 7 |  7.5
Shields        | 3 4 5 |  5.3
Dodging        | 1 2 |  2.4
Armour         | 3 4 5 |  5.7
Stealth        | |  0.6
Evocations     | |  0.5

Action                   |  1- 3 |  4- 6 |  7- 9 || total
-------------------------+-------+-------+-------++-------
Melee: War axe           |    83 |   167 |   312 ||   562
       Bite              |    19 |    45 |    97 ||   161
Evoke: Wand              |       |     2 |     5 ||     7
  Use: Scroll            |     3 |       |       ||     3
  Eat: Chunk             |       |     2 |     9 ||    11
       Ration            |       |     2 |       ||     2
Armor: Scale mail        |    37 |    87 |   107 ||   231
Dodge: Dodged            |    28 |    49 |    92 ||   169
Block: Shield            |    43 |    97 |   135 ||   275
